 Dungeon Crawl Stone Soup version 0.22-a0-305-gd21a89c (webtiles) character file.

1929 SpeedyPerson7 the Chopper (level 8, -5/111 HPs)
             Began as a Deep Dwarf Fighter on Mar 31, 2018.
             Was a Follower of Makhleb.
             Succumbed to a killer bee's poison
             ... on level 8 of the Dungeon.
             The game lasted 00:04:01 (1572 turns).

SpeedyPerson7 the Chopper (Deep Dwarf Fighter)      Turns: 1572, Time: 00:04:02

Health: -5/111     AC: 12    Str: 24 (26) XL:     8   Next: 97%
Magic:  0/0        EV:  2    Int:  7 (10) God:    Makhleb [*.....]
Gold:   76         SH:  0    Dex: -16 (12)Spells: 7/7 levels left

rFire    . . .     SeeInvis .   a - +0 war axe
rCold    . . .     Gourm    .   c - +0 shield
rNeg     . . .     Faith    .   q - +0 plate armour
rPois    .         Spirit   .   (no helmet)
rElec    .         Reflect  .   (no cloak)
rCorr    .         Harm     .   (no gloves)
MR       +....                  (no boots)
Stlth    ..........             (no amulet)
HPRegen  0.00/turn              (no ring)
MPRegen  0.07/turn              (no ring)

@: berserking, lethally poisoned (-5 -> -63), non-regenerating, slowed, lost
dexterity
A: damage resistance, heal wounds, sense surroundings 1, no regeneration
a: Heal Wounds, Renounce Religion


You were on level 8 of the Dungeon.
You worshipped Makhleb.
Makhleb was aware of your devotion.
You were very hungry.

You visited 2 branches of the dungeon, and saw 9 of its levels.

You collected 76 gold pieces.

Inventory:

Hand Weapons
 a - a +0 war axe (weapon)
Armour
 b - a +0 scale mail
 c - a +0 shield (worn)
 k - a +0 chain mail
 q - a +0 plate armour (worn)
Scrolls
 f - 2 scrolls of noise {unknown}
 j - 2 scrolls of fog {unknown}
 l - 3 scrolls of identify {unknown}
 m - a scroll of brand weapon {unknown}
 n - 2 scrolls of remove curse {unknown}
 o - a scroll of teleportation {unknown}
Potions
 d - a potion of might
 h - a potion of degeneration {!q}
 p - a potion of haste {unknown}
Comestibles
 e - 4 rations


   Skills:
 + Level 5.0 Fighting
 * Level 7.5 Axes
 + Level 6.0 Armour
 + Level 6.1 Shields
 * Level 6.6 Invocations


You had 7 spell levels left.
You didn't know any spells.

Dungeon Overview and Level Annotations

Branches:
Dungeon (8/15)             Temple (1/1) D:4
   Lair: D:8-11

Altars:
Ashenzari
Cheibriados
Elyvilon
Fedhas
Gozag
Hepliaklqana
Kikubaaqudgha
Makhleb
Nemelex Xobeh
Okawaru
Qazlal
Ru
Sif Muna
Trog
Uskayaw
Vehumet
Wu Jian
Xom
Yredelemnul
Zin
The Shining One


Innate Abilities, Weirdness & Mutations

You are resistant to damage.
You can heal yourself by infusing magical energy.
You passively map a small area around you.
You do not regenerate.


Message History

The killer bee completely misses you.
The killer bee stings you but does no damage.
Unknown command.
It was a potion of degeneration.
There was something very wrong with that liquid.
You feel weakened.
You feel dopey.
You feel clumsy.
* * * LOW HITPOINT WARNING * * *
You feel extremely sick.
The killer bee stings you but does no damage.
The killer bee stings you.
The killer bee stings you but does no damage. x4
The killer bee stings you.
* * * LOW HITPOINT WARNING * * *
You are more poisoned.
The killer bee poisons you!
The killer bee stings you but does no damage. x2
It was a potion of berserk rage.
A red film seems to cover your vision as you go berserk!
You feel yourself moving faster!
You feel mighty!
You die...

, *#.#.. .. , ,
#.#.# ... , *
#.#.# .... ,
#.#.##!...
*,#.#....... #
#.#l......
#.#.yyl..... *
#..<@yZo.... *
.....######.....
, > ### , , ...
, ,* * . , , , ,
* , * * * , , ,,
* * * ,*


You could see an iguana, 3 killer bees, an orc wizard, a leopard gecko and an
adder skeleton.

Vanquished Creatures
  A hornet (D:8)
  Grinder (D:5)
  A wraith (D:7)
  Menkaure (D:7)
  2 ice beasts (D:5)
  A black bear (D:6)
  2 ogres
  2 centaurs (D:7)
  A scorpion (D:6)
  3 killer bees (D:8)
  A howler monkey (D:4)
  A quasit (D:8)
  A bullfrog zombie (D:7)
  A jelly (D:7)
  An orc wizard (D:8)
  A centaur skeleton (D:4)
  3 worker ants (D:4)
  Natasha (thrice) (D:4)
  2 hound skeletons
  A worker ant zombie (D:7)
  5 gnolls
  A howler monkey skeleton (D:8)
  5 adders
  A shadow imp (D:5)
  An ooze (D:1)
  2 adder zombies (D:7)
  2 leopard geckos
  10 orcs
  A ball python (D:5)
  3 goblins
  7 hobgoblins
  A quokka (D:3)
  A ball python skeleton (D:4)
  2 frilled lizards
  5 kobolds
  A leopard gecko zombie (D:3)
  4 rats
82 creatures vanquished.

Notes
Turn   | Place    | Note
-------+----------+-------------------------------------------
     0 | D:1      | SpeedyPerson7 the Deep Dwarf Fighter began the quest for the Orb.
     0 | D:1      | Reached XP level 1. HP: 20/20 MP: 1/1
    46 | D:1      | Reached XP level 2. HP: 18/27 MP: 2/2
   218 | D:4      | Reached skill level 3 in Axes
   218 | D:4      | Reached XP level 3. HP: 34/34 MP: 2/2
   226 | D:4      | Reached XP level 4. HP: 42/42 MP: 3/3
   289 | D:5      | Entered Level 5 of the Dungeon
   382 | D:4      | Noticed Natasha
   387 | D:4      | Killed Natasha
   390 | D:4      | Reached skill level 4 in Axes
   390 | D:4      | Reached XP level 5. HP: 43/49 MP: 4/4
   443 | D:4      | Found a staircase to the Ecumenical Temple.
   452 | Temple   | Entered the Ecumenical Temple
   542 | Temple   | Became a worshipper of Makhleb the Destroyer
   579 | D:4      | Noticed Natasha
   595 | D:4      | Killed Natasha
   605 | D:4      | Noticed Natasha
   618 | D:4      | Killed Natasha
   635 | D:4      | Reached XP level 6. HP: 38/56 MP: 4/4
   716 | D:5      | Reached skill level 5 in Axes
   716 | D:5      | Reached skill level 1 in Invocations
   740 | D:5      | Noticed an ice beast
   742 | D:5      | Noticed an ice beast
   766 | D:5      | Killed an ice beast
   766 | D:5      | Reached XP level 7. HP: 30/63 MP: 6/6
   833 | D:5      | Noticed Grinder
   841 | D:5      | Killed Grinder
   841 | D:5      | Reached skill level 5 in Armour
   841 | D:5      | Reached skill level 5 in Shields
   964 | D:6      | Reached * piety under Makhleb
   964 | D:6      | Reached skill level 6 in Axes
   992 | D:7      | Reached XP level 8. HP: 31/73 MP: 9/9
  1048 | D:7      | Reached skill level 5 in Invocations
  1184 | D:7      | Noticed Menkaure
  1193 | D:7      | Killed Menkaure
  1196 | D:7      | Reached skill level 7 in Axes
  1426 | D:8      | Noticed a hornet
  1431 | D:8      | Paralysed by a hornet for 1 turns
  1438 | D:8      | Killed a hornet
  1456 | D:8      | Reached skill level 5 in Fighting
  1490 | D:8      | Lost dexterity.
  1571 | D:8      | HP: 3/74 [killer bee (2)]
  1572 | D:8      | Succumbed to a killer bee's poison

Vault maps used:
D:1:      matt_arrival_grand_opening, minmay_tromino_i2
D:2:      minmay_roachtagon, first_ration
D:3:      grunt_dithmenos_smoke_and_mirrors
D:4:      lemuel_temple_firewalk_b, serial_park_tiny_1, uniq_robin, uniq_natasha
D:5:      uniq_grinder
D:6:      kb_lookout_dungeons_type, kennysheep_big_empty_room,
          hangedman_abyss_or_decor_stabs, uniq_pikel
D:7:      corexii_shantytown, uniq_menkaure
Temple:   regret_index_temple_sigil_plot

Skill      XL: |  1  2  3  4  5  6  7  8 |
---------------+-------------------------+-----
Fighting       | 3 4 5 |  5.0
Axes           | 3 4 5 6 7 |  7.5
Armour         | 4 5 6 |  6.0
Shields        | 4 5 6 |  6.1
Invocations    | 2 4 6 |  6.6

Action                   |  1- 3 |  4- 6 |  7- 9 || total
-------------------------+-------+-------+-------++-------
Melee: War axe           |    67 |   107 |   186 ||   360
 Abil: Heal Wounds       |     1 |     7 |    59 ||    67
  Use: Potion            |       |       |     2 ||     2
  Eat: Chunk             |       |       |     2 ||     2
Armor: Scale mail        |    30 |    22 |       ||    52
       Chain mail        |       |    29 |    69 ||    98
       Plate armour      |       |       |   933 ||   933
Dodge: Dodged            |    24 |    53 |   209 ||   286
Block: Shield            |    47 |    77 |   213 ||   337

Table legend:
 A = Spawn XP
 B = Non-spawn XP
 C = Spawn XP percentage of total XP
 D = Spawn monster count
 E = Non-spawn monster count
 F = Spawn count percentage of total count
 G = Total turns spent on level
                    A         B        C        D         E        F      G
               +---------+---------+-------+---------+---------+-------+---------
         Total |       0 |    2757 |   0.0 |       0 |      82 |   0.0 |  1572
               +---------+---------+-------+---------+---------+-------+---------
           D:1 |       0 |      17 |   0.0 |       0 |       9 |   0.0 |    96
           D:2 |       0 |       5 |   0.0 |       0 |       2 |   0.0 |    31
           D:3 |       0 |      13 |   0.0 |       0 |       8 |   0.0 |    54
           D:4 |       0 |     404 |   0.0 |       0 |      20 |   0.0 |   386
           D:5 |       0 |     713 |   0.0 |       0 |      15 |   0.0 |   226
           D:6 |       0 |     214 |   0.0 |       0 |       3 |   0.0 |    73
           D:7 |       0 |     817 |   0.0 |       0 |      18 |   0.0 |   442
           D:8 |       0 |     574 |   0.0 |       0 |       7 |   0.0 |   148
               +---------+---------+-------+---------+---------+-------+---------
